 Dungeon Crawl Stone Soup version 0.26.1-2-gb8aa6d0cf2 (webtiles) character file.

Game seed: 14771619574137247392

101991 Mattiprrivan the Quickloader (level 15, -2/90 HPs)
             Began as a Gargoyle Arcane Marksman on Mar 7, 2021.
             Was the Champion of Nemelex Xobeh.
             Slain by a faun
             ... wielding a +0 quarterstaff
              (16 damage)
             ... on level 1 of the Shoals on Mar 9, 2021.
             The game lasted 04:25:52 (21049 turns).

Mattiprrivan the Quickloader (GrAM)                Turns: 21049, Time: 04:25:54

Health: -2/90      AC: 29    Str: 21      XL:     15   Next: 95%
Magic:  23/23      EV: 22    Int: 18      God:    Nemelex Xobeh [******]
Gold:   1227       SH:  0    Dex: 24 (25) Spells: 6/25 levels left

rFire    . . .     SeeInvis .   p - +2 morningstar (drain)
rCold    . . .     Faith    +   (no shield)
rNeg     + . .     Spirit   .   n - +3 leather armour of Privacy {*Corrode +Fly rElec Slay+5}
rPois    ∞         Reflect  .   y - +2 hat {Int+3}
rElec    +         Harm     .   a - +1 cloak "Zital" {Dex+8}
rCorr    .         Rampage  .   I - +2 pair of gloves {Dex+3}
Will     +....                  v - +2 pair of boots
Stlth    ++........             H - amulet of faith
HPRegen  0.25/turn              C - +6 ring of strength
MPRegen  0.18/turn              m - +4 ring of evasion

@: slowed, glowing, studying Unarmed Combat, very slow
A: big wings, beak, negative energy resistance 1, electricity resistance, wild
magic 2, unbreathing, petrification resistance, miasma immunity, AC +11
}: 1/15 runes: gossamer
a: Fly, Renounce Religion, Draw Escape, Draw Destruction, Draw Summoning, Triple
Draw, Deal Four, Stack Five


You were on level 1 of the Shoals.
You worshipped Nemelex Xobeh.
Nemelex Xobeh was exalted by your worship.
You visited 4 branches of the dungeon, and saw 17 of its levels.
You also visited: Bailey and Gauntlet.

You collected 1396 gold pieces.
You spent 169 gold pieces at shops.

Inventory:

Hand Weapons
 g - a +5 arbalest
 p - a +2 morningstar of draining (weapon)
 s - a +2 vorpal flail
 B - the +6 mace "Qoag Yst" {vamp, rElec rF+++ rC+ Int-2}
   (You found it on level 9 of the Dungeon)

   It inflicts no extra harm, but heals its wielder when it wounds a living foe.
   It affects your intelligence (-2).
   It renders you almost immune to fire.
   It protects you from cold.
   It insulates you from electricity.
Missiles
 e - 116 poisoned darts (quivered)
 f - 8 boomerangs
 k - 4 atropa-tipped darts
 F - 5 curare-tipped darts
 N - 7 datura-tipped darts
Armour
 a - the +1 cloak "Zital" (worn) {Dex+8}
   (You found it in a Gauntlet)

   It affects your dexterity (+8).
 n - the +3 leather armour of Privacy (worn) {*Corrode +Fly rElec Slay+5}
   (You found it on level 7 of the Dungeon)

   It affects your accuracy and damage with ranged weapons and melee attacks
   (+5).
   It insulates you from electricity.
   It lets you fly.
   It may corrode you when you take damage.
 v - a +2 pair of boots (worn)
 y - a +2 hat of intelligence (worn)
 I - a +2 pair of gloves of dexterity (worn)
Jewellery
 m - a +4 ring of evasion (right hand)
 C - a +6 ring of strength (left hand)
 E - the ring "Egikosi" {Fire Str+4}
   (You found it on level 1 of the Lair of Beasts)

   [ring of fire]

   It enhances your fire magic.
   It affects your strength (+4).
   It protects you from fire.
   It makes you vulnerable to cold.
 H - an amulet of faith (around neck)
 P - a +4 ring of slaying
Wands
 b - a wand of polymorph (12)
 c - a wand of digging (4)
 l - a wand of paralysis (6)
 w - a wand of enslavement (2)
 x - a wand of flame (35)
 A - a wand of disintegration (17)
 K - a wand of random effects (14)
Scrolls
 i - 8 scrolls of remove curse
 j - 5 scrolls of identify
 q - a scroll of enchant armour
 u - a scroll of immolation
 D - a scroll of holy word
Potions
 d - a potion of ambrosia
 h - a potion of magic
 z - 2 potions of haste
 G - 3 potions of cancellation
 O - 2 potions of brilliance
Books
 J - a manual of Unarmed Combat
Miscellaneous
 r - a phantom mirror (inert)
 Q - a phantom mirror (inert)


   Skills:
 * Level 9.0 Fighting
 - Level 0.1(4.1) Axes
 * Level 7.3 Maces & Flails
 - Level 1.0(1.1) Polearms
 - Level 0.5(4.6) Staves
 * Level 13.0 Crossbows
 * Level 6.6 Throwing
 * Level 8.0 Armour
 * Level 6.7 Dodging
 * Level 8.8 Stealth
 * Level 5.5 Unarmed Combat
 * Level 5.5 Spellcasting
 * Level 4.7 Conjurations
 * Level 6.3 Hexes
 * Level 3.1 Transmutations
 * Level 6.1 Fire Magic
 * Level 4.1 Air Magic
 * Level 4.0 Poison Magic
 * Level 7.6 Invocations
 * Level 6.1 Evocations


You had 6 spell levels left.
You knew the following spells:

 Your Spells              Type           Power        Failure   Level
a - Spider Form           Tmut/Pois      14%          21%         3
b - Inner Flame           Hex/Fire       44%          9%          3
c - Cause Fear            Hex            22%          21%         4
d - Airstrike             Air            15%          43%         4
e - Lightning Bolt        Conj/Air       16%          69%         5

Your spell library contained the following spells:

 Spells                   Type           Power        Failure   Level
 Corona                   Hex            48%          4%          1
 Slow                     Hex            44%          5%          2
 Shock                    Conj/Air       100%         7%          1
 Beastly Appendage        Tmut           52%          10%         1
 Swiftness                Air            31%          11%         2
 Wereblood                Tmut           26%          13%         2
 Static Discharge         Conj/Air       33%          16%         3
 Portal Projectile        Hex/Tloc       52%          22%         3
 Blink                    Tloc           N/A          38%         2
 Leda's Liquefaction      Hex/Erth       13%          54%         4
 Gell's Gravitas          Tloc           4%           56%         3
 Lesser Beckoning         Tloc           4%           56%         3
 Teleport Other           Tloc           8%           56%         3
 Iskenderun's Mystic Bla  Conj/Tloc      21%          63%         4
 Ice Form                 Ice/Tmut       17%          75%         4
 Blade Hands              Tmut           13%          85%         5
 Metabolic Englaciation   Hex/Ice        13%          85%         5
 Passage of Golubria      Tloc           N/A          90%         4


Dungeon Overview and Level Annotations

Branches:
Dungeon (10/15)            Temple (0/1) D:4            Lair (2/6) D:10
 Shoals (1/4) Lair:2       Spider (4/4) Lair:2       Bailey (visited)
Gauntlet (visited)
    Orc: D:9-12

Altars:
Cheibriados
Dithmenos
Elyvilon
Hepliaklqana
Kikubaaqudgha
Nemelex Xobeh
Qazlal
Uskayaw
Wu Jian
Xom
Yredelemnul
Beogh

Shops:
D:4 !   D:9 [   D:10 :

Annotations:
Spider:4 Arachne


Innate Abilities, Weirdness & Mutations

You are resistant to torment.
Your stone body is resilient. (AC +11)
You are immune to poison.
Your large and strong wings let you fly indefinitely.
You resist negative energy. (rN+)
You are resistant to electric shocks. (rElec)
You can survive without breathing.
You are immune to petrification.
You are immune to miasma.
You have a beak for a mouth.
Your spells are harder to cast, but more powerful.


Message History

Aim: a faun, wielding a +0 club and quivering 2 sling bullets (moderately wounded, lightly drained, chance to affect: 75%)
The faun is blasted!
The faun misses you. x2
The faun gestures at you while chanting.
You feel yourself slow down.
Aiming: Disintegrate
Press: ? - help, Shift-Dir - straight line, f/p - faun
Aim: a faun, wielding a +0 club and quivering 2 sling bullets (severely wounded, lightly drained, chance to affect: 75%)
The faun is blasted!!
You blow up the faun!
The faun hits you from afar with a cursed -3 spear.
* * * LOW HITPOINT WARNING * * *
The faun completely misses you. The faun hits you but does no damage.
Aiming: Enslavement
Press: ? - help, Shift-Dir - straight line, f - faun
Aim: a faun, wielding a +0 hunting sling and quivering 2 sling bullets (chance to affect: 47%)
The faun resists with some effort.
The faun barely misses you.
The faun unwields a +0 hunting sling.
The faun wields a +0 quarterstaff.
The faun hits you with a +0 quarterstaff!
You die...
Your body disappears without additional glow.

#.....?.≈≈≈≈
#...(......≈≈ #
#..(........≈
..###....≈≈.#..^
......$..≈.....≈
≈≈≈≈≈≈.<(.......
!≈≈..≈≈(c)≈≈≈..#
≈c.#...)≈≈≈≈≈...
≈ #...c@≈≈≈.(..
≈...≈.#c≈((..≈≈
≈≈≈≈≈......###.≈
≈≈≈≈≈...≈≈.# .
≈≈≈≈≈≈.≈≈≈≈.
≈≈≈≈≈≈≈≈≈≈≈..
≈P≈≈≈≈≈≈≈≈...
≈≈P≈≈≈≈≈≈≈..≈


You could see 3 fauns.

Vanquished Creatures
  An azure jelly (Spider:3)
  Donald (Spider:4)
  A storm dragon (Spider:4)
  2 ghost moths
  2 emperor scorpions (Spider:4)
  3 entropy weavers
  A spark wasp (Spider:4)
  Snorg (D:10)
  The ghost of gnacko the Fighter, a journeyman MiBe of Trog (Lair:1)
  A hydra (D:9)
  Erica (D:8)
  A sun demon (Spider:4)
  A sixfirhy (Spider:4)
  A deep troll (Spider:4)
  A swamp dragon (Spider:4)
  25 wolf spiders
  An orc knight (Bailey)
  20 orb spiders
  3 harpies (Shoals:1)
  A faun (Shoals:1)
  2 moths of wrath
  A water nymph (Bailey)
  A black mamba (Lair:1)
  An eye of devastation (Spider:3)
  4 cane toads (Lair:2)
  2 rime drakes
  16 demonic crawlers
  A komodo dragon (D:10)
  A merfolk (Shoals:1)
  21 jumping spiders
  A polar bear (Lair:2)
  Prince Ribbit (D:5)
  9 blink frogs
  3 hornets
  A raiju (Spider:4)
  A slime creature (Spider:1)
  21 tarantellas
  A wyvern (Spider:4)
  47 redbacks
  3 fire bats (Lair:2)
  13 yaks
  A hog (Spider:4)
  Menkaure (D:7)
  Edmund (D:5)
  6 water moccasins
  2 acid dragons (Lair:2)
  3 orc warriors
  7 ogres
  An eye of draining (D:7)
  3 phantoms
  4 ice beasts
  2 sky beasts
  A black mamba simulacrum (Lair:1)
  A necrophage (D:8)
  4 wolves (Lair:2)
  2 centaurs
  3 big kobolds
  10 bullfrogs
  A wyvern zombie (D:7)
  5 scorpions
  A water moccasin skeleton (D:9)
  6 wights
  An electric eel (Lair:1)
  2 centaur zombies
  2 komodo dragon simulacra (Lair:1)
  11 orc wizards
  10 hounds
  9 orc priests
  A gnoll shaman (D:7)
  3 jellies
  A water moccasin simulacrum (Lair:1)
  A bullfrog skeleton (D:6)
  4 iguanas
  4 worker ants
  2 yak simulacra (Lair:1)
  A black bear simulacrum (Lair:1)
  A hound zombie (D:6)
  13 gnolls
  A howler monkey skeleton (D:4)
  15 adders
  A river rat (D:3)
  2 shadow imps
  2 white imps
  2 oozes
  An ufetubus (D:9)
  2 worms (D:2)
  2 dart slugs
  6 leopard geckos
  48 orcs
  3 bats
  6 giant cockroaches
  9 goblins
  14 hobgoblins
  4 quokkas
  8 ball pythons
  A ball python skeleton (D:5)
  5 frilled lizards
  14 kobolds
  A quokka skeleton (D:5)
  13 rats
  A lurking horror (Shoals:1)
512 creatures vanquished.

Vanquished Creatures (collateral kills)
  Nikola (Spider:4)
  A titan (D:8)
  The ghost of Anuqaetage the Severer, an adept HOFi of Beogh (Spider:2)
  A ghost moth (Spider:4)
  A spark wasp (Spider:4)
  A green death (Gauntlet)
  A hydra (Lair:2)
  A dancing weapon (Spider:2)
  A death drake (Gauntlet)
  3 orc knights (Bailey)
  2 harpies (Shoals:1)
  3 wolf spiders
  A mana viper (Lair:2)
  2 orb spiders (Spider:4)
  A manticore (Shoals:1)
  A centaur zombie (Gauntlet)
  An orange demon (Gauntlet)
  A cane toad (Lair:2)
  2 rime drakes (Lair:1)
  A torpor snail (Spider:3)
  2 demonic crawlers
  3 jumping spiders
  A polar bear (Lair:2)
  A hornet (Spider:3)
  A snapping turtle (Shoals:1)
  A raiju (Lair:2)
  A meliai zombie (Gauntlet)
  11 redbacks
  3 tarantellas (Spider:3)
  16 yaks
  2 steam dragons
  A swamp worm (Spider:3)
  A water moccasin (Lair:2)
  4 orc warriors
  A sky beast (Lair:2)
  A black bear (Lair:2)
  An ice beast (D:9)
  A tengu (Lair:2)
  A bullfrog (D:10)
  2 wights
  An orc priest (D:9)
  A hound (D:9)
  A centaur skeleton (D:9)
  4 orc wizards
  Ijyb (D:5)
  An adder (D:9)
  A white imp (D:9)
  An adder skeleton (D:9)
  22 orcs
  A quokka (D:10)
116 creatures vanquished.

Vanquished Creatures (others)
  A storm dragon (Spider:4)
  An orb spider (Spider:4)
  4 wolf spiders
  A demonic crawler (Spider:4)
  A tarantella (Spider:2)
  A boggart (Lair:2)
  An orc wizard (D:5)
  14 fungi
  70 plants
94 creatures vanquished.

Grand Total: 722 creatures vanquished

Notes
Turn   | Place    | Note
-------+----------+-------------------------------------------
     0 | D:1      | Mattiprrivan the Gargoyle Arcane Marksman began the quest
                  | for the Orb.
     0 | D:1      | Reached XP level 1. HP: 12/12 MP: 2/2
   102 | D:1      | Reached XP level 2. HP: 16/16 MP: 1/3
   608 | D:1      | Reached XP level 3. HP: 20/20 MP: 2/4
   618 | D:1      | Learned a level 3 spell: Inner Flame
  1002 | D:2      | Found an ancient bone altar of Kikubaaqudgha.
  1132 | D:2      | Reached skill level 1 in Stealth
  1132 | D:2      | Reached XP level 4. HP: 26/26 MP: 2/5
  1508 | D:2      | Reached skill level 3 in Crossbows
  1605 | D:2      | Found a basalt altar of Yredelemnul.
  1606 | D:2      | Found a hide-covered altar of Uskayaw.
  2164 | D:3      | Reached XP level 5. HP: 30/30 MP: 4/7
  2238 | D:3      | Reached skill level 1 in Armour
  2328 | D:3      | Noticed an ice beast
  2336 | D:3      | Killed an ice beast
  2337 | D:3      | Reached XP level 6. HP: 3/35 MP: 8/8
  2896 | D:3      | Found a white marble altar of Elyvilon.
  2993 | D:3      | Reached skill level 1 in Fire Magic
  3127 | D:3      | Learned a level 4 spell: Cause Fear
  3486 | D:4      | Found a sparkling altar of Nemelex Xobeh.
  3490 | D:4      | Became a worshipper of Nemelex Xobeh the Trickster
  3673 | D:4      | Reached skill level 1 in Polearms
  3673 | D:4      | Reached skill level 1 in Throwing
  3865 | D:4      | Reached skill level 4 in Crossbows
  4073 | D:4      | Found Petut's Distillery.
  4076 | D:4      | Bought 2 potions of might for 104 gold pieces
  4076 | D:4      | Bought a potion of heal wounds for 65 gold pieces
  4120 | D:4      | Found a staircase to the Ecumenical Temple.
  4156 | D:4      | Reached XP level 7. HP: 32/40 MP: 10/10
  4328 | D:5      | Entered Level 5 of the Dungeon
  4514 | D:5      | Reached skill level 1 in Invocations
  4522 | D:5      | Noticed Prince Ribbit
  4884 | D:5      | Reached skill level 1 in Maces & Flails
  4884 | D:5      | Reached skill level 5 in Crossbows
  4894 | D:5      | Reached * piety under Nemelex Xobeh
  4905 | D:5      | Found a stormy altar of Qazlal.
  4918 | D:5      | Noticed Edmund
  4932 | D:5      | Killed Edmund
  4933 | D:5      | Reached XP level 8. HP: 40/45 MP: 11/11
  5096 | D:5      | You fall into a shaft and drop 2 floors!
  5536 | D:7      | Found a snail-covered altar of Cheibriados.
  5551 | D:7      | Reached skill level 6 in Crossbows
  5567 | D:7      | Reached skill level 1 in Evocations
  5711 | D:7      | Reached XP level 9. HP: 49/51 MP: 11/13
  5752 | D:7      | Found a flagged portal.
  5783 | Bailey   | Entered a bailey
  5937 | Bailey   | Received a gift from Nemelex Xobeh
  6079 | Bailey   | Reached skill level 5 in Fighting
  6079 | Bailey   | Reached skill level 7 in Crossbows
  6079 | Bailey   | Reached skill level 5 in Armour
  6079 | Bailey   | Reached skill level 5 in Stealth
  6079 | Bailey   | Reached XP level 10. HP: 59/59 MP: 14/14
  6083 | Bailey   | Noticed an orc knight
  6098 | Bailey   | Killed an orc knight
  6104 | Bailey   | Noticed an orc knight
  6114 | Bailey   | Killed an orc knight
  6122 | Bailey   | Noticed an orc knight
  6128 | Bailey   | Killed an orc knight
  6157 | Bailey   | Noticed an orc knight
  6163 | Bailey   | Noticed a water nymph
  6163 | Bailey   | an orc knight changed into a water nymph
  6173 | Bailey   | Killed a water nymph
  6189 | Bailey   | Noticed an orc knight
  6200 | Bailey   | Killed an orc knight
  6201 | Bailey   | Reached skill level 5 in Invocations
  6425 | D:7      | Reached skill level 8 in Crossbows
  6698 | D:7      | Got a heavily runed leather armour
  6709 | D:7      | Identified the +3 leather armour of Privacy {*Corrode +Fly
                  | rElec Slay+5} (You found it on level 7 of the Dungeon)
  7153 | D:7      | Found a hazy altar of Hepliaklqana.
  7158 | D:7      | Found a shadowy altar of Dithmenos.
  7202 | D:7      | Noticed Menkaure
  7204 | D:7      | Killed Menkaure
  7424 | D:6      | Received a gift from Nemelex Xobeh
  7489 | D:5      | Reached ** piety under Nemelex Xobeh
  7508 | D:5      | Killed Prince Ribbit
  7509 | D:5      | Reached XP level 11. HP: 64/64 MP: 15/15
  7682 | D:5      | Noticed Ijyb
  7692 | D:5      | Killed Ijyb
  7842 | D:5      | Got a dazzling dagger
  7843 | D:5      | Identified the +8 dagger of Vayn {flame, rC+ Int+4} (You
                  | found it on level 5 of the Dungeon)
  8394 | D:6      | Received a gift from Nemelex Xobeh
  8557 | D:6      | Reached *** piety under Nemelex Xobeh
  9104 | D:8      | Noticed Gastronok
  9105 | D:8      | Noticed Gastronok
  9105 | D:8      | Gastronok changed into Gastronok the titan
  9117 | D:8      | Killed Gastronok the titan
  9265 | D:8      | Noticed Erica
  9278 | D:8      | Killed Erica
  9279 | D:8      | Reached skill level 5 in Maces & Flails
  9279 | D:8      | Reached skill level 9 in Crossbows
  9310 | D:8      | Learned a level 4 spell: Airstrike
  9411 | D:8      | Received a gift from Nemelex Xobeh
  9723 | D:9      | Got an ichor-stained mace
  9724 | D:9      | Identified the +6 mace "Qoag Yst" {vamp, rElec rF+++ rC+
                  | Int-2} (You found it on level 9 of the Dungeon)
  9956 | D:9      | Found an ornate altar of the Wu Jian Council.
 10016 | D:9      | Noticed a four-headed hydra
 10024 | D:9      | Killed a four-headed hydra
 10079 | D:9      | Reached **** piety under Nemelex Xobeh
 10202 | D:9      | Received a gift from Nemelex Xobeh
 10428 | D:9      | Received a gift from Nemelex Xobeh
 10480 | D:9      | Found Myageehi's Antique Armour Emporium.
 10555 | D:10     | Entered Level 10 of the Dungeon
 10752 | D:10     | Found Uwoucaen's Book Shop.
 10890 | D:10     | Found a staircase to the Lair.
 10952 | D:10     | Received a gift from Nemelex Xobeh
 11097 | D:10     | Reached skill level 5 in Throwing
 11141 | D:10     | Reached XP level 12. HP: 71/71 MP: 17/17
 11157 | D:10     | Reached skill level 1 in Air Magic
 11193 | D:10     | Reached ***** piety under Nemelex Xobeh
 11234 | D:10     | Noticed Snorg
 11241 | D:10     | Killed Snorg
 11282 | D:10     | Reached skill level 10 in Crossbows
 11478 | D:10     | Received a gift from Nemelex Xobeh
 11559 | Lair:1   | Entered Level 1 of the Lair of Beasts
 11578 | Lair:1   | Found a runed translucent gate.
 11578 | Lair:1   | Found a runed translucent gate.
 11587 | Lair:1   | Found a runed translucent gate.
 11610 | Lair:1   | Noticed gnacko's ghost (journeyman MiBe)
 11620 | Lair:1   | Killed gnacko's ghost
 11621 | Lair:1   | Reached skill level 5 in Dodging
 11661 | Lair:1   | Got the ring "Egikosi" {Fire}
 11763 | Lair:1   | Learned a level 5 spell: Lightning Bolt
 11929 | Lair:1   | Received a gift from Nemelex Xobeh
 11935 | Lair:1   | Identified the ring "Egikosi" {Fire Str+4} (You found it on
                  | level 1 of the Lair of Beasts)
 11990 | Lair:1   | Gained mutation: Your spells are a little harder to cast,
                  | but a little more powerful. [potion of mutation]
 11990 | Lair:1   | Gained mutation: You have a beak for a mouth. [potion of
                  | mutation]
 11990 | Lair:1   | Gained mutation: Your spells are harder to cast, but more
                  | powerful. [potion of mutation]
 12389 | Lair:1   | Received a gift from Nemelex Xobeh
 12635 | Lair:2   | Found a gate leading to a gauntlet.
 12686 | Gauntlet | Entered a Gauntlet
 12686 | Gauntlet | Found a transporter.
 12695 | Gauntlet | Found a transporter.
 12754 | Gauntlet | Found a transporter.
 12754 | Gauntlet | Found a transporter.
 12757 | Gauntlet | Got a translucent cloak
 12758 | Gauntlet | Identified the cursed +0 cloak of Roleibaa {Slay+2} (You
                  | found it in a Gauntlet)
 12759 | Gauntlet | Noticed a green death
 12774 | Gauntlet | Found a transporter.
 12786 | Gauntlet | Killed a green death
 12796 | Gauntlet | Identified Releh's Volume of Dislocation and Malediction
 12799 | Gauntlet | Got an ancient cloak
 12810 | Gauntlet | Identified the +1 cloak "Zital" {Dex+8} (You found it in a
                  | Gauntlet)
 12819 | Gauntlet | Received a gift from Nemelex Xobeh
 12819 | Gauntlet | Noticed a minotaur
 12820 | Gauntlet | Noticed an entropy weaver
 12820 | Gauntlet | a minotaur changed into an entropy weaver
 12829 | Gauntlet | Killed an entropy weaver
 12830 | Gauntlet | Reached skill level 5 in Hexes
 12903 | Gauntlet | Got a fading leather armour
 12921 | Lair:2   | Reached skill level 1 in Conjurations
 12941 | Lair:2   | Found a staircase to the Shoals.
 12952 | Lair:2   | Reached skill level 1 in Unarmed Combat
 12961 | Lair:2   | Identified the +0 quarterstaff of the Slime-mould {protect,
                  | rElec Dex+2 SInv}
 13189 | Lair:2   | Noticed a four-headed hydra
 13197 | Lair:2   | Reached XP level 13. HP: 64/76 MP: 19/19
 13212 | Lair:2   | Learned a level 3 spell: Spider Form
 13374 | Lair:2   | Found a hole to the Spider Nest.
 13417 | Lair:2   | Received a gift from Nemelex Xobeh
 13440 | Lair:2   | Reached skill level 5 in Evocations
 13449 | Lair:2   | Reached skill level 11 in Crossbows
 13673 | Lair:2   | Reached ****** piety under Nemelex Xobeh
 14210 | Spider:1 | Entered Level 1 of the Spider Nest
 14211 | Spider:1 | Received a gift from Nemelex Xobeh
 14504 | Spider:1 | Received a gift from Nemelex Xobeh
 14507 | Spider:1 | Reached skill level 1 in Poison Magic
 14673 | Spider:1 | Reached skill level 5 in Fire Magic
 14734 | Spider:1 | Reached skill level 1 in Transmutations
 15267 | Spider:1 | Found a roughly hewn altar of Beogh.
 15340 | Spider:1 | Received a gift from Nemelex Xobeh
 15503 | Spider:2 | Gained mutation: Your large and strong wings let you fly
                  | indefinitely. [Gargoyle growth]
 15503 | Spider:2 | Reached XP level 14. HP: 80/84 MP: 20/20
 15663 | Spider:2 | Received a gift from Nemelex Xobeh
 15881 | Spider:2 | Found a runed translucent door.
 15881 | Spider:2 | Found a shimmering altar of Xom.
 15882 | Spider:2 | Noticed Anuqaetage's ghost (adept HOFi)
 15897 | Spider:2 | Killed Anuqaetage's ghost
 15898 | Spider:2 | Reached skill level 12 in Crossbows
 15972 | Spider:2 | HP: 3/84 [disintegration (50)]
 16165 | Spider:2 | Received a gift from Nemelex Xobeh
 16177 | Spider:2 | Killed a ghost moth
 16539 | Spider:2 | Received a gift from Nemelex Xobeh
 17115 | Spider:3 | Got a twisted robe
 17116 | Spider:3 | Identified the cursed +0 robe of Dais Heff {rElec Regen+
                  | Dex+4 Stlth+} (You found it on level 3 of the Spider Nest)
 17169 | Spider:3 | Noticed an entropy weaver
 17182 | Spider:3 | Killed an entropy weaver
 17278 | Spider:3 | Noticed Asterion
 17279 | Spider:3 | Noticed an emperor scorpion
 17280 | Spider:3 | Identified the +2 long sword "Newtslayer" {freeze, +Rage}
 17283 | Spider:3 | Noticed Asterion
 17283 | Spider:3 | Asterion changed into Asterion the azure jelly
 17283 | Spider:3 | an emperor scorpion changed into a swamp worm
 17285 | Spider:3 | Killed Asterion the azure jelly
 17479 | Spider:3 | Noticed an entropy weaver
 17502 | Spider:3 | Killed an entropy weaver
 17503 | Spider:3 | Reached skill level 5 in Spellcasting
 18030 | Spider:3 | Received a gift from Nemelex Xobeh
 18547 | Spider:3 | Received a gift from Nemelex Xobeh
 18573 | Spider:3 | Reached XP level 15. HP: 75/89 MP: 22/22
 18959 | Spider:4 | Entered Level 4 of the Spider Nest
 18970 | Spider:4 | Noticed an emperor scorpion
 19002 | Spider:4 | Noticed a storm dragon
 19002 | Spider:4 | an emperor scorpion changed into a storm dragon
 19012 | Spider:4 | Killed a storm dragon
 19379 | Spider:4 | Killed a ghost moth
 19439 | Spider:4 | HP: 3/89 [wolf spider (9)]
 19450 | Spider:4 | Noticed Nikola
 19606 | Spider:4 | Noticed Arachne
 19629 | Spider:4 | Killed Nikola
 19643 | Spider:4 | Received a gift from Nemelex Xobeh
 19652 | Spider:4 | Noticed a storm dragon
 19652 | Spider:4 | a spark wasp changed into a storm dragon
 19654 | Spider:4 | Reached skill level 5 in Unarmed Combat
 19657 | Spider:4 | Noticed Donald
 19658 | Spider:4 | Noticed an emperor scorpion
 19658 | Spider:4 | Noticed an emperor scorpion
 19673 | Spider:4 | Killed Donald
 19706 | Spider:4 | Killed a storm dragon
 19720 | Spider:4 | Killed a ghost moth
 19721 | Spider:4 | Reached skill level 13 in Crossbows
 19734 | Spider:4 | Killed an emperor scorpion
 19759 | Spider:4 | Killed an emperor scorpion
 20781 | Spider:4 | Received a gift from Nemelex Xobeh
 20796 | Spider:4 | Got a gossamer rune of Zot
 21006 | Shoals:1 | Entered Level 1 of the Shoals
 21049 | Shoals:1 | Slain by a faun

Illustrated notes

Levels and vault maps discovered:
D:1:      lemuel_arrival_behind_the_door_small, layout_basic
D:2:      layout_loops_ring, nicolae_overflow_crystal_walls,
          gammafunk_temple_overflow_pools, chequers_jeans
D:3:      layout_rooms, elyvilon_altar_1, portal_sewer_entry_b
D:4:      layout_cave_pods, minmay_temple_entry_hall, serial_shops,
          kennysheep_mini, nemelex_diamond_rough_becter
D:5:      layout_basic, nicolae_qazlal_general_emergency,
          hangedman_decor_lopped, uniq_ijyb, uniq_prince_ribbit1, uniq_edmund
D:6:      layout_gridville
D:7:      kennysheep_housing_project, layout_basic,
          riverfiend_overflow_shadow_ancestor, old_standard_altar,
          enter_bailey_5, uniq_menkaure
D:8:      layout_rooms, uniq_gastronok, uniq_erica
D:9:      layout_small_grid, nzn_wu_jian_council_hall, serial_shops,
          kennysheep_little_box, minmay_fractal_squares_diagonal_5
D:10:     layout_irregular_city, david_lair_shrubbed, serial_shops,
          nicolae_shop_behind_doors, uniq_snorg
Lair:1:   layout_cave_pods, gammafunk_ghost_icy, serial_bayou_shore_a,
          lemuel_fruit_tree
Lair:2:   layout_layer_cave, shoals_dummy_entry, spider_nest_entry_webs,
          gauntlet_entry_generic, nicolae_volcano_entry_batcave,
          grunt_forest_stairs_clearing
Shoals:1: layout_shoals, amcnicky_altar_lugonu_corruption
Spider:1: nicolae_spider_mines_2, hangedman_spider_tarantella_strand
Spider:2: layout_chambers, ebering_ghost_xom
Spider:3: layout_chambers, drop_trap, worms_lemuel, uniq_asterion
Spider:4: grunt_spider_rune_island, nicolae_spider_cling_ruins, uniq_donald,
          uniq_nikola, uniq_arachne

Skill      XL: |  1  2  3  4  5  6  7  8  9 10 11 12 13 14 15 |
---------------+----------------------------------------------+-----
Hexes          | 3 4 5 6 |  6.3
Stealth        | 1 2 3 5 6 7 8 |  8.8
Crossbows      | 3 4 5 6 7 8 9 10 11 12 13 | 13.0
Fighting       | 2 3 5 6 7 8 9 |  9.0
Dodging        | 2 4 5 6 |  6.7
Armour         | 1 2 5 6 7 8 |  8.0
Fire Magic     | 1 2 3 4 5 6 |  6.1
Polearms       | 1 |  1.0
Throwing       | 1 2 4 5 6 |  6.6
Spellcasting   | 2 3 4 5 |  5.5
Invocations    | 1 2 4 5 6 7 |  7.6
Maces & Flails | 1 4 5 6 7 |  7.3
Evocations     | 1 3 4 5 6 |  6.1
Air Magic      | 1 2 3 4 |  4.1
Conjurations   | 1 2 3 4 |  4.7
Unarmed Combat | 1 3 4 5 |  5.5
Poison Magic   | 2 3 4 |  4.0
Transmutations | 1 2 3 |  3.1
Axes           | |  0.1
Staves         | |  0.5

Action                   |  1- 3 |  4- 6 |  7- 9 | 10-12 | 13-15 || total
-------------------------+-------+-------+-------+-------+-------++-------
Melee: Flail             |       |       |     6 |    15 |       ||    21
       Morningstar       |       |       |       |    11 |    90 ||   101
       Peck              |       |       |       |       |    40 ||    40
       Arbalest          |       |       |       |       |     1 ||     1
       Punch             |       |       |       |       |     1 ||     1
 Fire: Hand crossbow     |    91 |    22 |       |       |       ||   113
       Arbalest          |       |   132 |   154 |   424 |   417 ||  1127
Throw: Dart              |       |       |     8 |       |    67 ||    75
 Cast: Corona            |    19 |    22 |     3 |       |       ||    44
       Cause Fear        |       |       |     1 |       |       ||     1
       Inner Flame       |       |       |     6 |     3 |       ||     9
Invok: Draw Summoning    |       |       |     1 |    21 |    16 ||    38
       Draw Destruction  |       |       |       |    24 |    60 ||    84
       Draw Escape       |       |       |       |     3 |    20 ||    23
Evoke: Wand              |       |       |     2 |    12 |    67 ||    81
       Phantom mirror    |       |       |       |       |     2 ||     2
  Use: Scroll            |     6 |     8 |     6 |    31 |    16 ||    67
       Potion            |     4 |     5 |     7 |     8 |    17 ||    41
 Stab: Distracted        |       |       |       |     1 |       ||     1
       Petrified         |       |       |       |       |     2 ||     2
Armor: Robe              |     1 |       |       |       |       ||     1
       Leather armour    |    12 |    75 |    73 |   112 |   397 ||   669
Dodge: Dodged            |    28 |    78 |   158 |   312 |   774 ||  1350
